Map: 카이로스 정션 - 래더

Players

DnS

  • Race: Protoss Protoss
  • Spawn Location: 5:00

Trust - Winner!

  • Race: Protoss Protoss
  • Spawn Location: 11:00

Event: IEM Season 13: Katowice (2019)

VOD

Have the link to the VOD?

Description

Time

  • Played on: Feb. 26, 2019, 8:55 a.m.
  • Length: 7:50

All games in this series

Show
View Real Time Build Order
Export as new Build Order

DnS Protoss 

Build Orders: Oracle Opening 

Get SALT Encoding   

  12  0:00  Probe  
  13  0:12  Probe  
  14  0:17  Pylon  
  14  0:24  Probe  
  15  0:32  Probe  
  15  0:37  Gateway  
  15  0:40  Probe  
  16  0:47  Assimilator  
  17  0:51  Probe  
  17  0:56  Assimilator  
  18  1:00  Probe  
  19  1:08  Probe  
  19  1:09  Gateway  
  19  1:17  Probe  
  20  1:25  Cybernetics Core  
  21  1:29  Probe  
  22  1:35  Pylon  
  22  1:41  Probe  
  23  1:55  Probe  
  23  2:01  Warp Gate, Sentry, Stalker  
  28  2:14  Pylon  
  28  2:16  Pylon  
  28  2:35  Stargate  
  28  2:43  Stalker  
  30  2:52  Nexus  
  30  2:56  Probe  
  33  3:08  Probe  
  33  3:10  Oracle  
  34  3:20  Probe  
  38  3:28  Pylon  
  38  3:33  Probe  
  37  3:36  Robotics Facility  
  37  3:43  Probe  
  38  3:50  Adept x2  
  38  3:52  Probe  
  42  4:00  Probe  
  42  4:02  Probe  
  41  4:11  Stalker x2  
  45  4:19  Immortal  
  38  4:35  Stalker  
  38  4:43  Stalker  
  35  4:51  Probe x2  
  31  5:01  Probe  
  31  5:05  Probe  
  29  5:09  Probe  
  29  5:13  Sentry  
  32  5:14  Probe  
  32  5:19  Probe  
  33  5:22  Probe  
  33  5:27  Observer  
  36  5:31  Probe x2  
  37  5:38  Adept  
  36  5:43  Probe  
  36  5:46  Probe  
  37  5:52  Adept  
  39  5:59  Probe  
  39  6:00  Probe  
  41  6:07  Probe  
  42  6:12  Probe  
  42  6:15  Probe  
  43  6:18  Sentry  
  43  6:22  Probe  
  47  6:26  Probe  
  47  6:28  Immortal  
  47  6:30  Observer, Probe  
  49  6:38  Probe  
  49  6:39  Probe  
  45  6:48  Immortal  
  45  6:50  Probe  
  45  6:51  Probe  
  45  6:52  Forge  
  51  6:58  Shield Battery  
  51  7:02  Probe  
  51  7:03  Probe  
  51  7:06  Stalker  
  55  7:11  Stalker  
  55  7:14  Probe  
  55  7:15  Probe  
  55  7:29  Stalker  
  48  7:30  Probe  
  48  7:34  Probe  
  48  7:42  Stalker  
Show
View Real Time Build Order
Export as new Build Order

Trust Protoss - Winner!

Build Orders: Blink Stalkers 

Get SALT Encoding   

  12  0:00  Probe  
  13  0:12  Probe  
  14  0:17  Pylon  
  14  0:24  Probe  
  15  0:32  Probe  
  15  0:37  Gateway  
  15  0:42  Probe, Assimilator  
  17  0:52  Probe  
  17  0:56  Assimilator  
  18  1:00  Probe  
  18  1:08  Probe  
  18  1:09  Gateway  
  20  1:20  Probe  
  20  1:24  Cybernetics Core  
  21  1:32  Probe  
  22  1:35  Pylon  
  22  1:44  Probe  
  23  1:51  Warp Gate  
  23  1:56  Probe  
  23  2:00  Stalker  
  23  2:01  Sentry  
  28  2:14  Pylon  
  28  2:30  Stalker  
  28  2:32  Stalker  
  32  2:47  Nexus  
  32  3:03  Stalker x2  
  36  3:09  Pylon  
  36  3:13  Probe  
  37  3:22  Twilight Council  
  37  3:26  Probe  
  38  3:39  Blink  
  38  3:41  Stalker x2  
  43  4:00  Shield Battery  
  42  4:08  Adept x2  
  46  4:14  Probe  
  36  4:32  Probe  
  36  4:35  Stalker x2  
  38  4:42  Probe  
  35  4:54  Probe  
  36  5:03  Adept  
  36  5:04  Adept, Probe  
  36  5:05  Probe  
  34  5:12  Gateway, Probe  
  34  5:13  Probe  
  34  5:20  Probe  
  34  5:21  Probe  
  36  5:27  Stalker  
  40  5:29  Stalker  
  42  5:37  Probe x2  
  44  5:49  Probe  
  41  5:50  Robotics Facility  
  41  5:53  Stalker  
  41  5:55  Stalker  
  45  5:57  Probe  
  46  6:06  Stalker  
  46  6:07  Probe x2  
  50  6:15  Probe x2  
  50  6:17  Stalker  
  52  6:24  Probe x2  
  52  6:25  Stalker  
  56  6:31  Pylon  
  54  6:41  Pylon  
  54  6:49  Assimilator x2  
  54  6:50  Stalker x3  
  54  6:53  Probe  
  61  6:55  Probe  
  61  7:00  Observer  
  63  7:05  Probe  
  63  7:06  Pylon  
  63  7:07  Probe  
  65  7:10  Forge  
  65  7:17  Probe  
  65  7:21  Probe  
  61  7:30  Probe  
  61  7:34  Probe  
  65  7:38  Gateway  
  65  7:42  Gateway  

Tags
 
Add a new tag
Caveats
  • Supply blocks, unpowered buildings, or Contaminate may cause inaccurate times.
  • Supply counts are checked every 10 seconds.